 Dungeon Crawl Stone Soup version 0.24.0-1-gfbc8707122 (webtiles) character file.

Game seed: 17159500148559074088, levelgen mode: deterministic

690 Mrkan the Skirmisher (level 7, -4/61 HPs)
             Began as a Centaur Fighter on Oct 26, 2019.
             Was a Follower of Elyvilon.
             Killed by divine providence
             ... invoked by an orc priest
              (11 damage)
             ... on level 5 of the Dungeon.
             The game lasted 00:07:08 (3968 turns).

Mrkan the Skirmisher (Centaur Fighter)              Turns: 3968, Time: 00:07:09

Health: -4/61      AC:  6    Str: 21    XL:     7   Next: 36%
Magic:  7/7        EV:  6    Int:  7    God:    Elyvilon [*.....]
Gold:   304        SH:  9    Dex:  8    Spells: 6/6 levels left

rFire    . . .     SeeInvis .   a - +0 war axe
rCold    . . .     Gourm    .   c - +0 shield
rNeg     . . .     Faith    .   b - +0 scale mail
rPois    .         Spirit   .   (no helmet)
rElec    .         Reflect  .   (no cloak)
rCorr    .         Harm     .   (no gloves)
MR       .....                  (no barding)
Stlth    ..........             (no amulet)
HPRegen  0.20/turn              (no ring)
MPRegen  0.10/turn              (no ring)

@: very quick
A: large, hooves 3, deformed body, speed 2, tough skin 3
a: Lesser Healing, Divine Protection, Renounce Religion


You were on level 5 of the Dungeon.
You worshipped Elyvilon.
Elyvilon was aware of your devotion.
You were not hungry.

You visited 1 branch of the dungeon, and saw 5 of its levels.

You collected 304 gold pieces.

Inventory:

Hand Weapons
 a - a +0 war axe (weapon)
Armour
 b - a +0 scale mail (worn)
 c - a +0 shield (worn)
Jewellery
 p - a cursed ring of magical power {unknown}
 s - a +4 ring of protection {unknown}
Wands
 v - a wand of scattershot (3)
 y - a wand of digging (2)
 z - a wand of enslavement (10)
Scrolls
 i - 4 scrolls of identify {unknown}
 j - 2 scrolls of enchant armour {unknown}
 l - 3 scrolls of teleportation {unknown}
 m - a scroll of fear {unknown}
 n - 2 scrolls of noise {unknown}
 o - a scroll of amnesia {unknown}
 q - a scroll of remove curse {unknown}
 r - 2 scrolls of blinking {unknown}
 A - a scroll of random uselessness {unknown}
Potions
 d - 3 potions of might
 e - 2 potions of lignification {unknown}
 h - 3 potions of curing {unknown}
 k - a potion of flight {unknown}
 t - a potion of haste {unknown}
 u - a potion of brilliance {unknown}
 w - a potion of invisibility {unknown}
 x - a potion of heal wounds {unknown}
Comestibles
 f - 6 rations
 g - 8 chunks of flesh


   Skills:
 + Level 5.3 Fighting
 - Level 3.5 Axes
 - Level 2.1 Armour
 * Level 4.9 Shields


You had 6 spell levels left.
You didn't know any spells.
Your spell library was empty.

Dungeon Overview and Level Annotations

Branches:
Dungeon (5/15)
 Temple: D:4-7

Altars:
Ashenzari
Elyvilon

Shops:
D:4 }   D:5 *


Innate Abilities, Weirdness & Mutations

You have hooves in place of feet.
Armour fits poorly on your strangely shaped body.
You cover ground very quickly.
You have extremely tough skin. (AC +3)


Message History

You block the ogre's attack.
You hit the ogre.
The ogre is lightly wounded.
The ogre hits you with a +0 giant spiked club!!
An orc priest comes into view. It is wielding a +0 club.
You block the ogre's attack.
A two-headed ogre comes into view.
It is wielding a +0 giant club and a +0 dire flail.
The two-headed ogre shouts in stereo!
The orc priest mumbles some strange prayers to Beogh against you.
Pain shoots through your body!
The orc priest invokes the aid of Beogh against you.
Beogh smites you!
* * * LOW HITPOINT WARNING * * *
You start resting.
The orc priest is too close now for your liking.
You hit the orc priest.
The orc priest is moderately wounded.
The orc priest calls down the wrath of Beogh upon you.
Beogh smites you!
You die...

##.# #.#......###.#...#
##.### #.#....#...#†###....
.....###.#....###.#o# .##..
.###.....#....###..)###.. .
.# ####..........Oo[O.....
.#######.##.#..............
......÷...................
...##....##....###..>.....
...####.###..#.O@o.###....
....# #...#..###..## ....
....# #.....## #....# ...
....# #<..... ..#..# #.#.#
#..#.. ###....
....###..##.. ...##
#........# ### ........###.
............


You could see an ogre and an orc priest.

Vanquished Creatures
  An ice beast (D:4)
  A centaur (D:5)
  A howler monkey (D:3)
  A centaur skeleton (D:2)
  A hound (D:4)
  2 orc priests (D:4)
  Jessica (D:2)
  Terence (D:1)
  2 worker ants (D:4)
  A hound skeleton (D:4)
  6 adders
  8 gnolls
  An ooze (D:4)
  3 adder skeletons
  A worm (D:4)
  2 leopard geckos
  10 orcs
  6 giant cockroaches
  5 goblins
  8 hobgoblins
  13 jackals
  4 kobolds
  4 quokkas
  6 bats
  5 frilled lizards
  A jackal zombie (D:5)
  A leopard gecko skeleton (D:5)
  A leopard gecko zombie (D:3)
  A quokka skeleton (D:5)
  6 rats
104 creatures vanquished.

Notes
Turn   | Place    | Note
-------+----------+-------------------------------------------
     0 | D:1      | Mrkan the Centaur Fighter began the quest for the Orb.
     0 | D:1      | Reached XP level 1. HP: 19/19 MP: 1/1
   398 | D:1      | Reached XP level 2. HP: 22/26 MP: 2/2
   944 | D:2      | Noticed Terence
   962 | D:1      | Killed Terence
   962 | D:1      | Reached XP level 3. HP: 14/31 MP: 3/3
  1133 | D:2      | Reached XP level 4. HP: 19/38 MP: 4/4
  1536 | D:2      | Found a white marble altar of Elyvilon.
  1550 | D:2      | Noticed Jessica
  1562 | D:2      | Killed Jessica
  2082 | D:2      | Became a worshipper of Elyvilon the Healer
  2141 | D:3      | Reached XP level 5. HP: 46/46 MP: 5/5
  2297 | D:3      | Reached skill level 4 in Fighting
  2609 | D:3      | Found a shattered altar of Ashenzari.
  2688 | D:3      | Reached XP level 6. HP: 37/52 MP: 6/6
  2841 | D:3      | Reached * piety under Elyvilon
  3270 | D:4      | Noticed an ice beast
  3276 | D:4      | Killed an ice beast
  3277 | D:4      | Found Faugico's Gadget Boutique.
  3341 | D:4      | Reached skill level 5 in Fighting
  3341 | D:4      | Reached XP level 7. HP: 57/61 MP: 7/7
  3813 | D:5      | Entered Level 5 of the Dungeon
  3893 | D:5      | Found Nopte's Assorted Antiques.
  3958 | D:5      | Identified the +1 scale mail of the Good {+Blink rPois
                  | Int+3 Dex-4}
  3960 | D:5      | Noticed a two-headed ogre
  3968 | D:5      | Killed from afar by an orc priest

Levels and vault maps discovered:
D:1:      erik_arrival_blinker_ship, layout_basic
D:2:      layout_basic, elyvilon_altar_3, uniq_jessica, uniq_terence
D:3:      layout_rooms, cheibrodos_ashenzari_chains
D:4:      layout_loops_ring, serial_shops, shop
D:5:      layout_rooms, minmay_temple_entry_hall, first_ration, serial_shops,
          shop

Skill      XL: |  1  2  3  4  5  6 |
---------------+-------------------+-----
Axes           | 2 3 |  3.5
Shields        | 3 4 |  4.9
Fighting       | 4 5 |  5.3
Armour         | |  2.1

Action                   |  1- 3 |  4- 6 |  7- 9 || total
-------------------------+-------+-------+-------++-------
Melee: War axe           |    44 |   176 |    45 ||   265
       Kick              |    11 |    38 |    10 ||    59
  Eat: Chunk             |       |     6 |     2 ||     8
Armor: Scale mail        |    22 |    85 |    13 ||   120
Dodge: Dodged            |    11 |    42 |    15 ||    68
Block: Shield            |    21 |    93 |    37 ||   151
